 Dungeon Crawl Stone Soup version 0.17-a0-1882-g750edc8 (webtiles) character file.

50 horredgrones the Chiller (level 3, -3/26 HPs)
             Began as a Draconian Ice Elementalist on Sept 22, 2015.
             Slain by Natasha (9 damage)
             ... on level 2 of the Dungeon.
             The game lasted 00:05:04 (1577 turns).

horredgrones the Chiller (DrIE)                     Turns: 1577, Time: 00:05:05

Health: -3/26      AC:  5    Str: 10    XL:     3   Next: 55%
Magic:  3/6        EV: 12    Int: 16    God:
Gold:   93         SH:  0    Dex: 11    Spells: 2 memorised, 2 levels left

rFire  . . .     SeeInvis .     c - +2 hand axe (freeze)
rCold  . . .     Clarity  .     (armour unavailable)
rNeg   . . .     SustAt   .     (no shield)
rPois  .         Gourm    .     (helmet restricted)
rElec  .         Spirit   .     (no cloak)
rCorr  .         Warding  .     (no gloves)
rMut   .         Stasis   .     (no boots)
MR     .....                    (no amulet)
Stlth  ++........               (no ring)
                                (no ring)

@: very slightly contaminated, not resistant to hostile enchantments, unstealthy
A: unfitting armour, cold-blooded, AC +5
a: no special abilities


You were on level 2 of the Dungeon.
You were hungry.

You visited 1 branch of the dungeon, and saw 2 of its levels.

You collected 93 gold pieces.

Inventory:

Hand weapons
 c - a +2 hand axe of freezing (weapon)
Missiles
 m - 15 poisoned needles
Scrolls
 d - a scroll of remove curse {unknown}
 f - a scroll of enchant weapon {unknown}
 g - a scroll of fog {unknown}
 i - 4 scrolls of identify {unknown}
Potions
 e - 3 potions of curing {unknown}
 h - a potion of heal wounds {unknown}
 j - a potion of lignification {unknown}
 k - a potion of agility {unknown}
 l - a potion of poison {unknown}
Books
 a - a book of Frost

   Spells                             Type                      Level
   a - Freeze                         Ice                          1
   b - Throw Frost                    Conjuration/Ice              2
   c - Ozocubu's Armour               Charms/Ice                   3
   d - Throw Icicle                   Conjuration/Ice              4
   e - Summon Ice Beast               Ice/Summoning                4
   f - Condensation Shield            Ice                          4
Comestibles
 b - 2 bread rations
 n - a chunk of flesh


   Skills:
 + Level 2.5 Dodging
 - Level 1.7 Stealth
 - Level 2.0 Spellcasting
   Level 1.0 Conjurations
 * Level 4.1 Ice Magic


You had 2 spell levels left.
You knew the following spells:

 Your Spells              Type           Power        Failure   Level  Hunger
a - Freeze                Ice            ##..         4%          1    #......
b - Ozocubu's Armour      Chrm/Ice       #.......     28%         3    ###....


Dungeon Overview and Level Annotations

Branches:
Dungeon (2/15)

Altars:

Annotations:
D:2 Natasha


Innate Abilities, Weirdness & Mutations

Your plain brown scales are hard (AC +5).
Your body does not fit into most forms of armour.
You are cold-blooded and may be slowed by cold attacks.


Message History

Natasha barely misses you.
Casting: Freeze
Confirm with . or Enter, or press ? or * to list all spells.
Aiming: Freeze
Press: ? - help, Shift-Dir - straight line, f/p - Natasha
Aim: Natasha (almost dead)
You miscast Freeze.
You are very lightly contaminated with residual magic.
Nothing appears to happen.
The bat misses you. Natasha misses you.
Casting: Freeze
Confirm with . or Enter, or press ? or * to list all spells.
Aiming: Freeze
Press: ? - help, Shift-Dir - straight line, f/p - Natasha
Aim: Natasha (almost dead)
You freeze Natasha.
Natasha is almost dead.
You are feeling hungry.
The bat hits you but does no damage. x2
Natasha claws you!
You die...

##.... .#..... .......
#..... #. . ).... #..
...#... #.# #.....h###
#.# #.....)@b# #.#
##...###(## #.#
#######..# #..######.#
.. ...#....#
##...).÷..### #.#
#...##.### ########...#
#.#
#...##...##########.#.#
#.#
#.....................#
#.#
#....###...########.###
#.###†...# ###.# #.#


You could see Natasha and a bat.

Vanquished Creatures
  3 adders
  2 hobgoblins (D:1)
  3 jackals (D:1)
  A quokka (D:2)
  2 ball pythons
  3 bats
  A giant gecko (D:1)
  3 goblins
  3 kobolds
  4 rats
25 creatures vanquished.

Notes
Turn   | Place    | Note
--------------------------------------------------------------
     0 | D:1      | horredgrones the Draconian Ice Elementalist began the quest for the Orb.
     0 | D:1      | Reached XP level 1. HP: 14/14 MP: 3/3
   365 | D:1      | Reached XP level 2. HP: 14/20 MP: 3/5
  1417 | D:2      | Reached XP level 3. HP: 24/26 MP: 3/6
  1438 | D:2      | Learned a level 3 spell: Ozocubu's Armour
  1529 | D:2      | Reached skill level 4 in Ice Magic
  1565 | D:2      | Noticed Natasha
  1577 | D:2      | Slain by Natasha

Vault maps used:
D:1:      sevenhm_arrival_forest_fort_small_4
D:2:      uniq_natasha

Action                   || total
-------------------------++-------
Melee: Hand axe          ||    47
       Unarmed           ||     2
 Cast: Freeze            ||    21
 Stab: Sleeping          ||     2
  Eat: Chunk             ||     2
